[Event "Oslo Chess Festival 2017"]
[Site "Oslo"]
[Date "2017.10.02"]
[Round "4"]
[White "Risting, Eivind Olav"]
[Black "Lindbol, Aleksander"]
[Result "1-0"]
[ECO "B01"]
[WhiteElo "2335"]
[BlackElo "2006"]
[Annotator "ChessBase"]
[PlyCount "25"]
[EventType "swiss"]
[EventCountry "NOR"]
[SourceTitle "playchess.com"]
[Source "ChessBase"]
[SourceQuality "1"]
[TimeControl "5400+30"]

1. e4 d5 2. exd5 Qxd5 3. Nf3 Bg4 4. Be2 c6 5. d4 Nf6 6. O-O e6 7. h3 Bxf3 8. Bxf3 Qa5 9. c4 Nbd7 10. Nc3 Qc7 11. d5 cxd5 12. cxd5 O-O-O 13. Be3 1-0

[Event "Oslo Chess Festival 2017"]
[Site "Oslo"]
[Date "2017.10.02"]
[Round "4"]
[White "Hobber, Anders"]
[Black "Grindbakken, Erik"]
[Result "1-0"]
[ECO "D13"]
[WhiteElo "2264"]
[BlackElo "1675"]
[Annotator "ChessBase"]
[PlyCount "45"]
[EventType "swiss"]
[EventCountry "NOR"]
[SourceTitle "playchess.com"]
[Source "ChessBase"]
[SourceQuality "1"]
[TimeControl "5400+30"]

1. d4 c5 2. c3 Nf6 3. Nf3 e6 4. Bg5 cxd4 5. cxd4 d5 6. Nc3 Be7 7. e3 Nc6 8. Bd3 h6 9. Bh4 Bd7 10. O-O O-O 11. Rc1 Rc8 12. a3 Na5 13. Ne5 a6 14. Bb1 Ne8 15. Nxd7 Qxd7 16. Bxe7 Qxe7 17. Nxd5 exd5 18. Rxc8 Nc6 19. Qf3 Nf6 20. Rxf8+ Qxf8 21. Rc1 Qd6 22. Qf5 Ne7 23. Qe5 1-0

[Event "Oslo Chess Festival 2017"]
[Site "Oslo"]
[Date "2017.10.02"]
[Round "4"]
[White "Ronneland, Daniel"]
[Black "Johansen, Kai -Roger"]
[Result "0-1"]
[ECO "D12"]
[WhiteElo "2218"]
[BlackElo "1950"]
[Annotator "ChessBase"]
[PlyCount "105"]
[EventType "swiss"]
[EventCountry "NOR"]
[SourceTitle "playchess.com"]
[Source "ChessBase"]
[SourceQuality "1"]
[TimeControl "5400+30"]

1. d4 d5 2. c4 c6 3. Nf3 Nf6 4. e3 Bf5 5. Nc3 e6 6. Bd3 Bxd3 7. Qxd3 Nbd7 8. O-O Be7 9. b3 O-O 10. Bb2 Re8 11. Rad1 Qc7 12. Rd2 Rad8 13. a3 Bd6 14. c5 Bf8 15. b4 a6 16. Ne2 Ne4 17. Rdd1 f6 18. Ne1 e5 19. f3 Ng5 20. dxe5 Nxe5 21. Bxe5 fxe5 22. Qb3 Kh8 23. Ng3 e4 24. f4 Nf7 25. Nc2 Nh6 26. Nd4 Rd7 27. f5 Rf7 28. Rf4 Be7 29. Rdf1 Bf6 30. Qd1 Be5 31. Qh5 Ng8 32. Ne6 Qe7 33. Ng5 Nh6 34. Nxf7+ Qxf7 35. Rh4 Qxh5 36. Nxh5 Ng8 37. Nf4 Bxf4 38. Rhxf4 Nf6 39. g4 Rf8 40. g5 Nd7 41. f6 g6 42. h4 Ne5 43. Kg2 Nc4 44. Kf2 Nxa3 45. h5 gxh5 46. Rh4 Nc2 47. Rb1 Na3 48. Rbh1 Kg8 49. Rxh5 Kf7 50. Rxh7+ Kg6 51. Rg7+ Kf5 52. Kg3 Nc2 53. Rf1+ 0-1

[Event "Oslo Chess Festival 2017"]
[Site "Oslo"]
[Date "2017.10.02"]
[Round "4"]
[White "Nordquelle, Daniel"]
[Black "Vogt, Lothar"]
[Result "1/2-1/2"]
[ECO "B23"]
[WhiteElo "2203"]
[BlackElo "2401"]
[Annotator "ChessBase"]
[PlyCount "42"]
[EventType "swiss"]
[EventCountry "NOR"]
[SourceTitle "playchess.com"]
[Source "ChessBase"]
[SourceQuality "1"]
[TimeControl "5400+30"]

1. e4 c5 2. Nc3 Nc6 3. Bb5 g6 4. Bxc6 dxc6 5. d3 Nf6 6. h3 Bg7 7. Be3 Nd7 8. Qd2 e5 9. Bh6 O-O 10. Bxg7 Kxg7 11. Nge2 Nf6 12. O-O Be6 13. Qe3 Qd6 14. f4 exf4 15. Rxf4 Qe5 16. Raf1 Nd7 17. Nd1 Rae8 18. c3 f5 19. Ng3 fxe4 20. Rxf8 Rxf8 21. Rxf8 Kxf8 1/2-1/2

[Event "Oslo Chess Festival 2017"]
[Site "Oslo"]
[Date "2017.10.02"]
[Round "4"]
[White "Taksrud, Vidar"]
[Black "Dolzhykova, Kateryna"]
[Result "1-0"]
[ECO "E62"]
[WhiteElo "1983"]
[BlackElo "2270"]
[Annotator "ChessBase"]
[PlyCount "111"]
[EventType "swiss"]
[EventCountry "NOR"]
[SourceTitle "playchess.com"]
[Source "ChessBase"]
[SourceQuality "1"]
[TimeControl "5400+30"]

1. d4 Nf6 2. g3 g6 3. Bg2 Bg7 4. c4 d6 5. Nf3 c6 6. Nc3 O-O 7. O-O Qa5 8. e4 Qh5 9. Ng5 Qxd1 10. Rxd1 Nbd7 11. h3 e5 12. Nf3 Re8 13. Be3 Nf8 14. g4 h6 15. a4 Kh7 16. a5 Ne6 17. d5 cxd5 18. cxd5 Nc7 19. Nd2 Rd8 20. b4 Bd7 21. Bf1 a6 22. Nc4 Nb5 23. Nxb5 Bxb5 24. Nb6 Bxf1 25. Kxf1 Rab8 26. f3 Ne8 27. Rdc1 f5 28. gxf5 gxf5 29. Ke2 Nf6 30. Kd3 fxe4+ 31. fxe4 Kh8 32. Rc7 Nh5 33. Rg1 Rf8 34. Ke2 Rf6 35. Rd7 Rbf8 36. Nc4 Rf3 37. Nxd6 Rxh3 38. Nf7+ Kh7 39. Rxb7 Rc8 40. Nxe5 Rc3 41. Ng4 Ng3+ 42. Rxg3 Rxg3 43. Nf6+ Kg6 44. Rxg7+ Kxg7 45. Nh5+ Kf7 46. Nxg3 Rb3 47. Nf5 Rxb4 48. e5 Ra4 49. e6+ Kf6 50. Bd4+ Kxf5 51. Kd3 Kg6 52. d6 Rxa5 53. d7 Rd5 54. e7 Rxd7 55. e8=Q+ Rf7 56. Qg8+ 1-0

[Event "Oslo Chess Festival 2017"]
[Site "Oslo"]
[Date "2017.10.02"]
[Round "4"]
[White "Ski, Jonathan K"]
[Black "Vestby-Ellingsen, Mads"]
[Result "1-0"]
[ECO "A29"]
[WhiteElo "1848"]
[BlackElo "2262"]
[Annotator "ChessBase"]
[PlyCount "155"]
[EventType "swiss"]
[EventCountry "NOR"]
[SourceTitle "playchess.com"]
[Source "ChessBase"]
[SourceQuality "1"]
[TimeControl "5400+30"]

1. c4 e5 2. Nc3 Nc6 3. Nf3 Nf6 4. g3 d5 5. cxd5 Nxd5 6. Bg2 Nb6 7. O-O Be7 8. a3 Be6 9. d3 O-O 10. Be3 f5 11. Rc1 Bf6 12. b4 Nd4 13. Bxd4 exd4 14. Nb1 a5 15. b5 a4 16. Qc2 Nd5 17. Nfd2 Rf7 18. Nc4 Qd7 19. Qb2 Rb8 20. f4 Re7 21. Rc2 Bf7 22. Bf3 Kh8 23. Rfc1 Nc3 24. Nxc3 dxc3 25. Qb4 Bd5 26. Bxd5 Qxd5 27. Ne5 Rxe5 28. fxe5 Bxe5 29. e3 Qxd3 30. Rxc3 Bxc3 31. Qxc3 Qxb5 32. Qxc7 Re8 33. Qc3 h6 34. Kf2 Qd5 35. Qc2 Rd8 36. h4 Kh7 37. h5 b5 38. Rb1 Kh8 39. Qb2 Qf7 40. Qe2 Rd5 41. Rxb5 Rxb5 42. Qxb5 Qa2+ 43. Kf3 Qxa3 44. Qe8+ Kh7 45. Qg6+ Kg8 46. Qe8+ Qf8 47. Qxa4 Qf7 48. Qh4 Qd5+ 49. Kf2 Qd2+ 50. Kf3 Qd5+ 51. Kf2 Kf7 52. Qb4 Qa2+ 53. Kf3 Qd5+ 54. Kf2 Kg8 55. Qb8+ Kh7 56. Qb4 Qa2+ 57. Kf3 Qh2 58. Qh4 Qg1 59. Ke2 Qg2+ 60. Kd3 Qf3 61. Kd2 Qf2+ 62. Kd3 Qf3 63. Kd2 Qf2+ 64. Kd3 Qe1 65. Qh3 Qd1+ 66. Kc4 Qc2+ 67. Kd4 Qe4+ 68. Kc5 Qxe3+ 69. Kd5 Qe4+ 70. Kd6 Kg8 71. Qh2 Kf7 72. Qa2+ Kf6 73. Qb2+ Kg5 74. Qxg7+ Kxh5 75. Qf7+ Kg4 76. Qg6+ Kf3 77. Qxh6 Kxg3 78. Qg7+ 1-0

[Event "Oslo Chess Festival 2017"]
[Site "Oslo"]
[Date "2017.10.02"]
[Round "4"]
[White "Dahl, Max"]
[Black "Louis, Thibault"]
[Result "0-1"]
[ECO "A23"]
[WhiteElo "1670"]
[BlackElo "2207"]
[Annotator "ChessBase"]
[PlyCount "68"]
[EventType "swiss"]
[EventCountry "NOR"]
[SourceTitle "playchess.com"]
[Source "ChessBase"]
[SourceQuality "1"]
[TimeControl "5400+30"]

1. c4 e5 2. Nc3 Nf6 3. g3 c6 4. d4 exd4 5. Qxd4 d5 6. cxd5 cxd5 7. Bg2 Nc6 8. Qd1 d4 9. Ne4 Be7 10. Nxf6+ Bxf6 11. Nf3 O-O 12. O-O Re8 13. Re1 Qb6 14. Nd2 Bf5 15. a3 Rad8 16. Qb3 d3 17. Qxb6 axb6 18. e3 Nd4 19. Rb1 Ne2+ 20. Kf1 Rc8 21. e4 Bd7 22. f4 Bd4 23. Nb3 Bg1 24. Bf3 Bh3+ 25. Bg2 Be6 26. Nd2 Bxh2 27. f5 Bd7 28. g4 Bb5 29. b3 Bf4 30. a4 Ba6 31. b4 Nxc1 32. Rexc1 Rxc1+ 33. Rxc1 Bxd2 34. Rb1 Bxb4 0-1

[Event "Oslo Chess Festival 2017"]
[Site "Oslo"]
[Date "2017.10.04"]
[Round "5"]
[White "Pigott, John C"]
[Black "Lillevold, Frode"]
[Result "1-0"]
[ECO "C55"]
[WhiteElo "2408"]
[BlackElo "2128"]
[Annotator "ChessBase"]
[PlyCount "41"]
[EventType "swiss"]
[EventCountry "NOR"]
[SourceTitle "playchess.com"]
[Source "ChessBase"]
[SourceQuality "1"]
[TimeControl "5400+30"]

1. e4 e5 2. Nf3 Nc6 3. Bc4 Nf6 4. d3 Be7 5. O-O O-O 6. a4 d6 7. a5 a6 8. h3 Kh8 9. Nc3 Ng8 10. Nd5 f5 11. Re1 Nf6 12. Ng5 fxe4 13. dxe4 Ng8 14. Qh5 Bxg5 15. Bxg5 Nf6 16. Nxf6 gxf6 17. Bh6 Re8 18. Qf7 Rg8 19. Ra3 Bd7 20. Rg3 Rxg3 21. fxg3 1-0

[Event "Oslo Chess Festival 2017"]
[Site "Oslo"]
[Date "2017.10.04"]
[Round "5"]
[White "Vogt, Lothar"]
[Black "Zhao, Shengxin"]
[Result "1/2-1/2"]
[ECO "B92"]
[WhiteElo "2401"]
[BlackElo "2113"]
[Annotator "ChessBase"]
[PlyCount "108"]
[EventType "swiss"]
[EventCountry "NOR"]
[SourceTitle "playchess.com"]
[Source "ChessBase"]
[SourceQuality "1"]
[TimeControl "5400+30"]

1. e4 c5 2. Nf3 d6 3. d4 cxd4 4. Nxd4 Nf6 5. Nc3 a6 6. Be2 e5 7. Nb3 Be7 8. O-O O-O 9. Kh1 b6 10. Be3 Nbd7 11. a4 Bb7 12. f3 Rc8 13. Bd3 Nc5 14. Nxc5 bxc5 15. Bc4 Nd7 16. Qd3 Nb8 17. Nd5 Bxd5 18. Qxd5 Qb6 19. Rfb1 Qc6 20. Qd3 a5 21. c3 Qc7 22. Ra3 Nc6 23. Rb3 Rb8 24. Rb5 Na7 25. Rxb8 Rxb8 26. Qd5 Bf6 27. h3 Nc8 28. Bb5 Na7 29. Bf1 Qc6 30. Qc4 Nc8 31. b3 Nb6 32. Qa6 Qa8 33. Qd3 Qc6 34. Qd1 d5 35. Bb5 Qd6 36. exd5 Qxd5 37. c4 Qxd1+ 38. Rxd1 Be7 39. f4 f6 40. g4 Kf7 41. Kg2 g6 42. f5 Rb7 43. Kf3 Ra7 44. Ke4 Rc7 45. h4 Nc8 46. fxg6+ hxg6 47. Rd2 Ke6 48. h5 Nd6+ 49. Kf3 gxh5 50. gxh5 Nf5 51. h6 Bf8 52. Rh2 Rh7 53. Bd2 Bxh6 54. Be3 Bf8 1/2-1/2

[Event "Oslo Chess Festival 2017"]
[Site "Oslo"]
[Date "2017.10.02"]
[Round "5"]
[White "Haug, Johannes"]
[Black "Ingebretsen, Jens E"]
[Result "1-0"]
[ECO "B47"]
[WhiteElo "2379"]
[BlackElo "2062"]
[Annotator "NA"]
[PlyCount "83"]
[EventType "swiss"]
[EventCountry "NOR"]
[SourceTitle "playchess.com"]
[Source "ChessBase"]
[SourceQuality "1"]
[TimeControl "5400+30"]

1. e4 c5 2. Nf3 e6 3. d4 cxd4 4. Nxd4 Nc6 5. Nc3 Qc7 6. Qd3 {[%emt 0:00:28] B47: Sizilianisch (Paulsen/Taimanow-Variante)} (6. Be3 a6 7. a3 Nf6 8. f4 d6 9. Qf3 Nxd4 10. Bxd4 b5 11. Bd3 Bb7 12. Bxf6 gxf6 13. f5 Be7 14. O-O Qc5+ 15. Kh1 h5 16. fxe6 fxe6 17. a4 {1-0 (32) Grischuk,A (2783)-Cori Tello,J (2641) Tbilisi 2017}) 6... Nxd4 7. Qxd4 a6 8. Be3 Ne7 9. Be2 Nc6 10. Qd2 b5 11. O-O Be7 12. Rfd1 $146 ({Vorgänger:} 12. a4 b4 13. Na2 a5 14. f4 O-O {½-½ (33) Jossien,A (2340)-Richmond,P (2254) West Bromwich 2003}) 12... O-O 13. a4 b4 14. Nd5 exd5 15. exd5 Qa5 16. dxc6 dxc6 17. Bf3 Bf5 18. Bd4 Rad8 19. Qe3 $14 Rxd4 20. Rxd4 Bc5 21. Qe5 Bg6 22. Rad1 f6 23. Qe6+ Bf7 24. Qxc6 Bxd4 25. Rxd4 Qe5 26. Qe4 Qa5 27. g3 b3 28. cxb3 Bxb3 29. Qe7 Bf7 30. Rd7 Qe5 31. Qxe5 fxe5 32. Be2 Be8 33. Bc4+ Kh8 34. Rd8 g6 35. Bxa6 Kg7 36. Bb5 Bxb5 37. Rxf8 Kxf8 38. axb5 Ke7 39. Kf1 Kd6 40. Ke2 Kd5 41. Ke3 g5 42. b6 1-0

[Event "Oslo Chess Festival 2017"]
[Site "Oslo"]
[Date "2017.10.04"]
[Round "5"]
[White "Devereaux, Maxim L"]
[Black "Wetle Hoem, Tor"]
[Result "1-0"]
[ECO "B23"]
[WhiteElo "2357"]
[BlackElo "1965"]
[Annotator "ChessBase"]
[PlyCount "51"]
[EventType "swiss"]
[EventCountry "NOR"]
[SourceTitle "playchess.com"]
[Source "ChessBase"]
[SourceQuality "1"]
[TimeControl "5400+30"]

1. e4 c5 2. Nc3 Nc6 3. Bb5 g6 4. Bxc6 bxc6 5. d3 Bg7 6. Nge2 e5 7. O-O Ne7 8. f4 exf4 9. Bxf4 d6 10. Qe1 Be6 11. Qg3 Nc8 12. e5 d5 13. Qf2 Qe7 14. Na4 Bg4 15. Nec3 Bf8 16. Rae1 Nb6 17. e6 f5 18. Be5 Rg8 19. h3 Bh5 20. g4 d4 21. Nxb6 axb6 22. Ne4 Bg7 23. Bd6 Qd8 24. e7 Qd7 25. Bg3 fxe4 26. Qf7# 1-0

[Event "Oslo Chess Festival 2017"]
[Site "Oslo"]
[Date "2017.10.02"]
[Round "5"]
[White "Mikalsen, Erlend"]
[Black "Kleinert, Juergen"]
[Result "1-0"]
[ECO "C40"]
[WhiteElo "2322"]
[BlackElo "1918"]
[Annotator "NA"]
[PlyCount "53"]
[EventType "swiss"]
[EventCountry "NOR"]
[SourceTitle "playchess.com"]
[Source "ChessBase"]
[SourceQuality "1"]
[TimeControl "5400+30"]

1. e4 e5 2. Nf3 d5 3. exd5 Bd6 4. d4 e4 5. Ne5 Nf6 {[%emt 0:00:12] LiveBook: 18 Partien} 6. Bb5+ c6 7. dxc6 bxc6 8. Nxc6 Qb6 9. Nc3 Nxc6 10. d5 O-O 11. Be3 Qc7 12. Bxc6 Rb8 13. Rb1 Ba6 14. h3 Rfd8 15. Ne2 Be5 $14 (15... Bc4 $15) 16. O-O Rxb2 17. Rxb2 Bxb2 18. Re1 Bc4 19. Qb1 Qa5 20. c3 Ba3 21. Bd4 Bd3 22. Qb3 Bc5 23. Bxf6 gxf6 24. Ng3 Qc7 25. Nxe4 Qf4 26. Nxc5 Qe5 {[%emt 0:00:26] Kh2 Qxe1} 27. g3 {[%emt 0:00:16] Qe5} 1-0

[Event "Oslo Chess Festival 2017"]
[Site "Oslo"]
[Date "2017.10.04"]
[Round "5"]
[White "Gabrielsen, Stig"]
[Black "Bruaset, Eivind"]
[Result "1-0"]
[ECO "C18"]
[WhiteElo "2314"]
[BlackElo "2012"]
[Annotator "ChessBase"]
[PlyCount "75"]
[EventType "swiss"]
[EventCountry "NOR"]
[SourceTitle "playchess.com"]
[Source "ChessBase"]
[SourceQuality "1"]
[TimeControl "5400+30"]

1. e4 e6 2. d4 d5 3. Nc3 Bb4 4. e5 c5 5. a3 Bxc3+ 6. bxc3 Qa5 7. Bd2 Qa4 8. Qg4 Kf8 9. Qd1 Nc6 10. Nf3 c4 11. h4 Bd7 12. h5 h6 13. Nh4 Nge7 14. g4 Ke8 15. Bh3 Kd8 16. O-O g5 17. Ng2 Kc7 18. f4 gxf4 19. Rxf4 Rh7 20. Qc1 Rah8 21. Qb2 Be8 22. Rb1 b6 23. Be1 Nb8 24. Bh4 Ng8 25. Kh2 Nd7 26. Ne3 Qc6 27. Bg2 Rg7 28. a4 Nf8 29. Qa3 Nh7 30. Rb4 Qd7 31. Nxc4 Ng5 32. Nd6 Ne7 33. a5 Nc6 34. axb6+ axb6 35. Ra4 Na5 36. Rxa5 bxa5 37. Qxa5+ Kc6 38. Qc5# 1-0

[Event "Oslo Chess Festival 2017"]
[Site "Oslo"]
[Date "2017.10.04"]
[Round "5"]
[White "Hobber, Anders"]
[Black "Sajjadi, Kimiya"]
[Result "1-0"]
[ECO "E14"]
[WhiteElo "2264"]
[BlackElo "1908"]
[Annotator "ChessBase"]
[PlyCount "77"]
[EventType "swiss"]
[EventCountry "NOR"]
[SourceTitle "playchess.com"]
[Source "ChessBase"]
[SourceQuality "1"]
[TimeControl "5400+30"]

1. d4 Nf6 2. Nf3 e6 3. e3 c5 4. Bd3 b6 5. O-O Be7 6. c4 O-O 7. Nc3 Bb7 8. d5 exd5 9. cxd5 d6 10. e4 Nbd7 11. Nd2 Ne5 12. Be2 g5 13. Nc4 Nfd7 14. Ne3 Ng6 15. g3 a6 16. a4 Re8 17. Bg4 Bf8 18. Bf5 Bg7 19. Nc4 Nde5 20. Nxe5 Bxe5 21. Qh5 Bf6 22. Nd1 Bc8 23. Bxc8 Rxc8 24. Re1 Rc7 25. Kg2 Ne5 26. Ra3 b5 27. f4 Nc4 28. Rf3 gxf4 29. gxf4 Bg7 30. b3 Nb6 31. axb5 axb5 32. Rg3 f6 33. Nf2 Qe7 34. Ng4 Kh8 35. Rh3 Bf8 36. Bb2 Nd7 37. Qf5 Qg7 38. Rg3 Qg6 39. Nxf6 1-0

[Event "Oslo Chess Festival 2017"]
[Site "Oslo"]
[Date "2017.10.02"]
[Round "5"]
[White "Louis, Thibault"]
[Black "Ernst, Thomas"]
[Result "1/2-1/2"]
[ECO "C00"]
[WhiteElo "2207"]
[BlackElo "2371"]
[Annotator "NA"]
[PlyCount "104"]
[EventType "swiss"]
[EventCountry "NOR"]
[SourceTitle "playchess.com"]
[Source "ChessBase"]
[SourceQuality "1"]
[TimeControl "5400+30"]

1. e4 c5 2. Nf3 e6 3. g3 Nf6 4. Qe2 Be7 5. Bg2 Nc6 6. O-O {[%emt 0:00:20] C00: French: Unusual White 2nd moves} d5 (6... d6 7. c3 e5 8. Na3 O-O 9. Nc4 Re8 10. d3 Be6 11. Ng5 Bg4 12. f3 Bh5 13. g4 Bg6 14. Nh3 d5 15. Ne3 {1-0 (45) Naiditsch,A (2706)-Wojtaszek,R (2716) Poznan 2014}) 7. exd5 exd5 8. d4 cxd4 9. Rd1 O-O $146 ({Predecessor:} 9... Bg4 10. h3 Bxf3 11. Qxf3 O-O 12. Bg5 Ne4 13. Bxe7 Qxe7 {1-0 (36) Guimaraes,D (2219)-Schena,A (1698) Florianopolis 2017}) 10. Nbd2 Re8 11. Nb3 Bg4 12. h3 Bh5 13. g4 Bg6 14. Nbxd4 h5 15. Nxc6 (15. g5 $17 Ne4 16. h4) 15... bxc6 16. Be3 Bc5 17. Nd4 hxg4 18. hxg4 Qd7 19. Bf3 Be4 20. g5 Bxf3 21. Qxf3 Qg4+ 22. Kf1 Qxf3 23. Nxf3 Bxe3 24. gxf6 Bb6 25. fxg7 Re4 26. Rd3 Kxg7 $11 27. c3 Rh8 28. Rad1 Rg4 29. Nd4 Rh1+ 30. Ke2 Re4+ 31. Kf3 Rh2 32. R1d2 Rh3+ 33. Kg2 Rxd3 34. Rxd3 Bxd4 35. cxd4 Re2 36. Rb3 Rd2 37. Rb4 Kf6 38. Kf3 a5 39. Ra4 Rxb2 40. Rxa5 Rc2 41. Ra7 Ke6 42. Ke3 f6 43. a4 Kf5 44. Rc7 Rc3+ 45. Kd2 Ra3 46. Rxc6 Rxa4 47. Ke3 Ra3+ 48. Ke2 Ra2+ 49. Ke3 Ra3+ 50. Ke2 Ke4 51. Re6+ Kxd4 {[%emt 0:00:12] Rx} 52. Rxf6 Ke5 1/2-1/2

[Event "Oslo Chess Festival 2017"]
[Site "Oslo"]
[Date "2017.10.02"]
[Round "5"]
[White "Sousa, Ludy Helsio Paulo"]
[Black "Ski, Jonathan K"]
[Result "1-0"]
[ECO "C95"]
[WhiteElo "2171"]
[BlackElo "1848"]
[Annotator "NA"]
[PlyCount "75"]
[EventType "swiss"]
[EventCountry "NOR"]
[SourceTitle "playchess.com"]
[Source "ChessBase"]
[SourceQuality "1"]
[TimeControl "5400+30"]

1. e4 e5 2. Nf3 Nc6 3. Bb5 a6 4. Ba4 Nf6 5. O-O Be7 6. Re1 b5 7. Bb3 O-O 8. h3 d6 9. c3 Nb8 10. d4 Nbd7 11. Nbd2 Bb7 12. Bc2 c5 13. dxe5 {[%emt 0:01:23] C95: Closed Ruy Lopez: Breyer Variation with 10 d4} (13. d5 c4 14. Nf1 Qc7 15. Ng3 Rfb8 16. Nf5 Bf8 17. Nh2 Bc8 18. Qf3 b4 19. Bg5 b3 20. Bd1 Ne8 21. a3 {1-0 (95) Kravtsiv,M (2641)-Jones,G (2676) Sharjah 2017}) 13... dxe5 {[%emt 0:00:21] [#]} 14. Nh2 $146 ({Predecessor:} 14. Qe2 c4 15. Nf1 Qc7 16. Ng3 Rfe8 17. Nh2 Nc5 18. Ng4 g6 19. Nh6+ Kg7 20. Qf3 Bf8 {0-1 (59) Fontaine,R (2539)-Zhao,X (2478) Shenzhen 2005}) 14... Qc7 15. Ng4 Nxg4 16. hxg4 c4 17. Qf3 Nc5 18. b3 cxb3 19. axb3 Ne6 $17 20. Bb2 Rfd8 21. Nf1 Ng5 22. Qe2 Rd7 23. Red1 Rad8 24. Ng3 g6 25. Rxd7 Rxd7 26. Nf1 Bc5 27. Bc1 Ne6 28. b4 Bb6 29. Qf3 Nf4 30. Kh2 Qd8 31. g3 Nd3 32. Be3 Bxe3 33. Nxe3 Nb2 34. Bb3 Qc7 35. Nd5 Bxd5 36. Bxd5 Qb6 37. Kg2 Nc4 38. g5 1-0

[Event "Oslo Chess Festival 2017"]
[Site "Oslo"]
[Date "2017.10.02"]
[Round "5"]
[White "Kyrkjebo, Erlend"]
[Black "Stark, Lars"]
[Result "1-0"]
[ECO "C04"]
[WhiteElo "2122"]
[BlackElo "2397"]
[Annotator "NA"]
[PlyCount "113"]
[EventType "swiss"]
[EventCountry "NOR"]
[SourceTitle "playchess.com"]
[Source "ChessBase"]
[SourceQuality "1"]
[TimeControl "5400+30"]

1. e4 e6 2. d4 d5 3. Nd2 Nc6 4. Ngf3 Nf6 5. e5 Nd7 6. c3 f6 7. exf6 Qxf6 8. Be2 e5 {[%emt 0:01:49] C04: French Tarrasch: 3...Nc6} 9. dxe5 Ncxe5 10. O-O c6 $146 ({Predecessor:} 10... Be7 11. c4 dxc4 12. Nxc4 O-O 13. Bd2 Nxf3+ 14. Bxf3 Nb6 15. Bc3 Qh6 16. Re1 Bc5 17. Re5 Bxf2+ 18. Kxf2 Qh4+ 19. Kg1 Qxc4 20. Rg5 g6 21. Qe1 Qf4 22. Qe7 Rf7 23. Qe8+ {1-0 (23) Dervishi,E (2450)-Drasko,M (2515) Montecatini Terme 1998}) 11. Nd4 Bc5 12. f4 Nf7 13. N2f3 O-O 14. Kh1 Re8 15. Bd3 Nf8 16. Qc2 Nd6 17. Ne5 Bxd4 18. cxd4 Bf5 19. g4 Be4+ 20. Bxe4 Nxe4 21. f5 Rad8 (21... Ne6 $11 22. Be3 N6g5) 22. g5 Nxg5 23. Bxg5 Qxg5 24. f6 Rxe5 25. dxe5 Qxe5 26. Rae1 Qd6 27. f7+ Kh8 28. Re8 d4 29. Qd3 c5 30. Qg3 Qc6+ 31. Qf3 Qd7 32. Rfe1 h6 33. R1e7 Qd6 34. Re6 Qd7 35. Qf5 d3 36. Rxf8+ Rxf8 37. Rxh6+ gxh6 38. Qxd7 Kg7 39. Qxd3 Rxf7 40. Qc3+ Rf6 41. Qxc5 a6 42. Qe5 b6 43. Kg2 b5 44. b3 Kf7 45. a4 bxa4 46. bxa4 Kg6 47. Qe8+ Kg7 48. h4 Rf7 49. h5 Rf6 50. a5 Rf7 51. Qe5+ Rf6 52. Qb2 Kf7 53. Qb7+ Kf8 54. Qd7 Kg8 55. Qe7 Rf7 56. Qe6 Kh8 57. Qxh6+ 1-0

[Event "Oslo Chess Festival 2017"]
[Site "Oslo"]
[Date "2017.10.04"]
[Round "5"]
[White "Rishovd, Svein"]
[Black "Risting, Eivind Olav"]
[Result "0-1"]
[ECO "A58"]
[WhiteElo "2109"]
[BlackElo "2335"]
[Annotator "ChessBase"]
[PlyCount "84"]
[EventType "swiss"]
[EventCountry "NOR"]
[SourceTitle "playchess.com"]
[Source "ChessBase"]
[SourceQuality "1"]
[TimeControl "5400+30"]

1. d4 Nf6 2. c4 c5 3. d5 b5 4. cxb5 a6 5. bxa6 g6 6. Nc3 Bg7 7. e4 O-O 8. a7 Rxa7 9. Nf3 e6 10. Be2 exd5 11. e5 Ne4 12. Nxd5 Qa5+ 13. Nd2 Nc6 14. O-O Nxd2 15. Bxd2 Qd8 16. Be3 d6 17. exd6 Qxd6 18. Nc3 Qe7 19. Re1 Be6 20. Qc1 Nd4 21. Bxd4 cxd4 22. Nb5 Rxa2 23. Rxa2 Bxa2 24. Bd3 Qd7 25. Qc7 Qxc7 26. Nxc7 Rb8 27. Nb5 Be6 28. Re2 Bd7 29. Nd6 Rb6 30. Nc4 Rb3 31. Rd2 Bb5 32. Bf1 Rb4 33. Na3 Bh6 34. Rd1 Ba4 35. Rb1 Bb3 36. Bd3 Ba2 37. Nc2 Rb3 38. Rd1 Bg7 39. Bc4 Rxb2 40. Bd3 Bb3 41. Rd2 Rb1+ 42. Bf1 Bc4 0-1

[Event "Oslo Chess Festival 2017"]
[Site "Oslo"]
[Date "2017.10.04"]
[Round "5"]
[White "Bentsen, Hakon"]
[Black "Maksimovic, Branimir"]
[Result "1-0"]
[ECO "C06"]
[WhiteElo "2071"]
[BlackElo "2343"]
[Annotator "ChessBase"]
[PlyCount "61"]
[EventType "swiss"]
[EventCountry "NOR"]
[SourceTitle "playchess.com"]
[Source "ChessBase"]
[SourceQuality "1"]
[TimeControl "5400+30"]

1. e4 e6 2. d4 d5 3. Nd2 Nf6 4. e5 Nfd7 5. Bd3 c5 6. c3 Nc6 7. Ne2 cxd4 8. cxd4 f6 9. exf6 Nxf6 10. O-O Bd6 11. Nf3 Qc7 12. Nc3 a6 13. Bd2 O-O 14. Rc1 Bd7 15. Re1 Rae8 16. Na4 Qb8 17. Nc5 e5 18. dxe5 Nxe5 19. Nxe5 Bxe5 20. Nxd7 Nxd7 21. g3 Bd4 22. Bxh7+ Kh8 23. Bf4 Rxe1+ 24. Qxe1 Rxf4 25. gxf4 Kxh7 26. Qd2 Qa7 27. Qd3+ Kg8 28. Qf5 Nf6 29. Rc8+ Kf7 30. Rc7+ Kf8 31. Qg6 1-0

[Event "Oslo Chess Festival 2017"]
[Site "Oslo"]
[Date "2017.10.04"]
[Round "5"]
[White "Taksrud, Vidar"]
[Black "Tryggestad, Andreas Garberg"]
[Result "0-1"]
[ECO "D02"]
[WhiteElo "1983"]
[BlackElo "2250"]
[Annotator "ChessBase"]
[PlyCount "112"]
[EventType "swiss"]
[EventCountry "NOR"]
[SourceTitle "playchess.com"]
[Source "ChessBase"]
[SourceQuality "1"]
[TimeControl "5400+30"]

1. Nf3 Nf6 2. d4 g6 3. g3 Bg7 4. Bg2 d5 5. O-O O-O 6. Bf4 c6 7. Nc3 b5 8. a4 b4 9. Na2 a5 10. c3 bxc3 11. bxc3 Nbd7 12. Ne5 Nxe5 13. Bxe5 Ba6 14. Nc1 Ne4 15. Bxg7 Kxg7 16. Bxe4 dxe4 17. Nb3 Qd5 18. Nc5 h5 19. Qc2 h4 20. Qxe4 Qxe4 21. Nxe4 Bxe2 22. Rfe1 Bc4 23. Nd2 Be6 24. gxh4 Rh8 25. Re4 Rab8 26. Re5 Rb2 27. Rd1 Rc2 28. Rxa5 Rxc3 29. Ne4 Ra3 30. h5 Bd5 31. Ng3 gxh5 32. Nf5+ Kf6 33. Ne3 e6 34. Rc1 Rb8 35. Nxd5+ cxd5 36. Ra7 Rb4 37. a5 Rxd4 38. Rcc7 Rg4+ 39. Kf1 Ke5 40. Rxf7 Ra1+ 41. Ke2 Rg2 42. Kf3 Rxh2 43. Kg3 Rhh1 44. Ra6 h4+ 45. Kg4 Rhg1+ 46. Kh3 Rg6 47. Kh2 h3 48. Rf3 d4 49. Ra8 Ke4 50. Rxh3 Ra2 51. Rf8 Rxa5 52. Rfh8 Rag5 53. R8h4+ Kd5 54. Rd3 e5 55. Kh3 Rg1 56. f3 Rh1# 0-1

[Event "Oslo Chess Festival 2017"]
[Site "Oslo"]
[Date "2017.10.02"]
[Round "5"]
[White "Enersen, Eirik S"]
[Black "Myhrvold, Rune"]
[Result "0-1"]
[ECO "A20"]
[WhiteElo "1911"]
[BlackElo "2243"]
[Annotator "NA"]
[PlyCount "60"]
[EventType "swiss"]
[EventCountry "NOR"]
[SourceTitle "playchess.com"]
[Source "ChessBase"]
[SourceQuality "1"]
[TimeControl "5400+30"]

1. c4 e5 2. g3 c6 3. Bg2 d5 4. d3 dxc4 5. dxc4 Qxd1+ 6. Kxd1 Nf6 7. Nf3 Ng4 8. Ke1 Bc5 9. e3 e4 10. Nd4 f5 11. Bh3 Ne5 12. Bxf5 Bxf5 13. Nxf5 O-O 14. Nd4 $2 (14. g4 {was worth a try.}) 14... Nd3+ 15. Ke2 Rxf2+ 16. Kd1 Nd7 17. Nc3 Re8 $19 18. b3 Nf6 19. Bd2 Bxd4 20. exd4 Rg2 21. Re1 Nxe1 22. Bxe1 Ng4 23. Ne2 Rxh2 24. Rc1 Rf8 25. Kd2 Rf3 26. Kd1 Rd3+ 27. Bd2 e3 28. Rc2 Rh1+ 29. Ng1 Rxg1+ 30. Ke2 exd2 0-1